[ AOE2 MATCH · #472350555 ]
UnrankedGurjaras vs Bohemians
[ REPLAY ANALYSIS · EXTRACTED FROM THE RECORDED GAME ]
Feudal
11:59
Castle
16:52
Imperial
34:36
| APM avg | 22.2 |
| APM peak | 84 |
| eAPM avg | 15.7 |
| Villagers / military | 149 / 197 |
Focus
⚔️ 32.0% · 🌾 68.0%
Scout Cavalry ×54 · Elephant Archer ×45 · Skirmisher ×44 · Militia ×23 · Mangonel ×7 · Armored Elephant ×7
Feudal
—
Castle
—
Imperial
—
| APM avg | 33.6 |
| APM peak | 59 |
| eAPM avg | 20.7 |
| Villagers / military | 172 / 342 |
Focus
⚔️ 28.3% · 🌾 71.7%
Spearman ×118 · Hussite Wagon ×77 · Hand Cannoneer ×40 · Bombard Cannon ×37 · Archer ×33 · Skirmisher ×27
Feudal
10:14
Castle
15:28
Imperial
31:43
| APM avg | 37.3 |
| APM peak | 79 |
| eAPM avg | 18.6 |
| Villagers / military | 207 / 275 |
Focus
⚔️ 22.1% · 🌾 77.9%
Mameluke ×261 · Trade Cart ×18 · Bombard Cannon ×13 · Monk ×1
Feudal
12:13
Castle
15:55
Imperial
29:03
| APM avg | 24.6 |
| APM peak | 90 |
| eAPM avg | 19.1 |
| Villagers / military | 163 / 1047 |
Focus
⚔️ 40.6% · 🌾 59.4%
Spearman ×564 · Huskarl ×483
Feudal
10:06
Castle
17:21
Imperial
29:12
| APM avg | 24.0 |
| APM peak | 60 |
| eAPM avg | 18.2 |
| Villagers / military | 117 / 419 |
Focus
⚔️ 52.1% · 🌾 47.9%
Scout Cavalry ×216 · Archer ×90 · Knight ×59 · Obuch ×40 · Trebuchet (Packed) ×10 · Trade Cart ×3
Feudal
10:33
Castle
14:33
Imperial
29:40
| APM avg | 15.4 |
| APM peak | 48 |
| eAPM avg | 11.6 |
| Villagers / military | 138 / 190 |
Focus
⚔️ 40.4% · 🌾 59.6%
Unknown (2550) ×107 · Spearman ×92 · Archer ×75 · Battering Ram ×15 · Trebuchet (Packed) ×7 · Kamayuk ×1
Match map
Initial resources + every placement click. Lines = walls · curves = elevation contours. ◆ gold · ⬟ stone · ● berries · ✦ relic · ◌ wall gap
Your base· ✓ Closed at 16:52 · 0t walls · 2 gate(s)
ANGELSK3956's base· ✓ Closed at 13:39 · 0t walls · 2 gate(s)
ska_18's base· ✓ Closed at 15:28 · 0t walls · 2 gate(s)
raghul_lemu's base· ✓ Closed at 15:55 · 0t walls · 3 gate(s)
Emilio's base· ✓ Closed at 17:21 · 0t walls · 3 gate(s)
Sythe's base· ✓ Closed at 14:33 · 0t walls · 2 gate(s)
Smoothed initial terrain · ◌ = detected wall gap · hover for details
Inputs per minute
— koaladelmal - - ANGELSK3956
Build order — koaladelmal
First 150 of 331 actions detected
| 0:15 | Build | House |
| 0:19 | Build | House |
| 0:26 | Create | Villager (Male) ×4 |
| 0:26 | Create | Villager (Male) ×4 |
| 1:26 | Build | Mill |
| 2:02 | Create | Villager (Male) |
| 2:33 | Create | Villager (Male) |
| 2:34 | Create | Villager (Male) |
| 3:09 | Create | Villager (Male) |
| 3:09 | Create | Villager (Male) |
| 3:09 | Create | Villager (Male) |
| 3:36 | Create | Villager (Male) |
| 3:36 | Create | Villager (Male) |
| 4:00 | Create | Villager (Male) |
| 4:00 | Create | Villager (Male) |
| 4:05 | Build | House |
| 4:20 | Create | Villager (Male) |
| 4:20 | Create | Villager (Male) |
| 5:10 | Create | Villager (Male) |
| 5:10 | Create | Villager (Male) |
| 5:10 | Create | Villager (Male) |
| 5:11 | Create | Villager (Male) |
| 6:09 | Build | House |
| 6:26 | Build | Lumber Camp |
| 6:38 | Create | Villager (Male) |
| 6:39 | Create | Villager (Male) |
| 6:40 | Create | Villager (Male) |
| 6:41 | Create | Villager (Male) |
| 6:45 | Create | Villager (Male) |
| 6:45 | Create | Villager (Male) |
| 8:15 | Build | Mill |
| 8:35 | Research | Loom |
| 8:39 | Build | House |
| 8:55 | Research | Feudal Age |
| 9:17 | Build | Mining Camp |
| 9:40 | Build | Mining Camp |
| 10:01 | Build | Farm |
| 10:32 | Build | Farm |
| 10:37 | Build | Farm |
| 10:37 | Build | Farm |
| 11:59 | Age | Feudal Age |
| 12:02 | Create | Villager (Male) |
| 12:02 | Create | Villager (Male) |
| 12:05 | Research | Double-Bit Axe |
| 12:11 | Build | Market |
| 12:38 | Build | Blacksmith |
| 12:50 | Create | Villager (Male) |
| 12:57 | Build | Farm |
| 13:17 | Create | Villager (Male) |
| 13:22 | Build | Farm |
| 13:47 | Create | Villager (Male) |
| 13:55 | Build | Farm |
| 14:02 | Research | Castle Age |
| 14:10 | Build | Barracks |
| 14:14 | Build | House |
| 14:16 | Build | House |
| 14:26 | Research | Horse Collar |
| 14:42 | Research | Stone Mining |
| 15:07 | Research | Gold Mining |
| 16:52 | Age | Castle Age |
| 17:03 | Build | Town Center |
| 17:09 | Research | Wheelbarrow |
| 17:11 | Create | Villager (Male) |
| 17:11 | Create | Villager (Male) |
| 17:11 | Create | Villager (Male) |
| 18:12 | Build | Town Center |
| 18:23 | Create | Villager (Male) |
| 18:23 | Create | Villager (Male) |
| 19:04 | Create | Villager (Male) ×5 |
| 19:28 | Build | Siege Workshop |
| 20:05 | Create | Villager (Male) ×5 |
| 20:05 | Create | Villager (Male) ×5 |
| 20:05 | Create | Villager (Male) ×4 |
| 20:25 | Build | Farm |
| 21:03 | Build | Castle |
| 21:23 | Create | Mangonel |
| 21:37 | Build | Archery Range |
| 21:42 | Research | Fletching |
| 21:45 | Create | Villager (Male) |
| 21:45 | Create | Villager (Male) |
| 21:46 | Create | Villager (Male) |
| 21:46 | Create | Villager (Male) |
| 21:47 | Create | Villager (Male) |
| 21:47 | Create | Villager (Male) |
| 21:54 | Build | House |
| 21:55 | Build | House |
| 21:57 | Build | House |
| 22:04 | Build | House |
| 22:07 | Build | House |
| 22:20 | Create | Mangonel |
| 22:23 | Create | Armored Elephant |
| 22:58 | Build | Farm |
| 22:58 | Build | Farm |
| 22:59 | Build | Farm |
| 22:59 | Build | Farm |
| 22:59 | Build | Farm |
| 23:17 | Create | Elephant Archer ×2 |
| 23:17 | Create | Elephant Archer ×2 |
| 23:29 | Build | House |
| 23:30 | Build | House |
| 23:31 | Build | House |
| 23:44 | Research | Padded Archer Armor |
| 23:56 | Build | Farm |
| 23:56 | Build | Farm |
| 23:57 | Build | Farm |
| 23:58 | Build | Farm |
| 24:11 | Create | Elephant Archer |
| 24:23 | Build | University |
| 24:31 | Create | Armored Elephant |
| 24:39 | Build | Farm |
| 24:39 | Build | Farm |
| 24:40 | Build | Farm |
| 24:40 | Build | Farm |
| 24:40 | Build | Farm |
| 24:41 | Build | Farm |
| 24:51 | Create | Elephant Archer |
| 24:52 | Create | Elephant Archer |
| 25:17 | Build | Farm |
| 25:18 | Build | Farm |
| 25:18 | Build | Farm |
| 25:18 | Build | Farm |
| 25:18 | Build | Farm |
| 25:24 | Create | Villager (Male) ×3 |
| 25:38 | Build | Mining Camp |
| 25:44 | Build | House |
| 25:50 | Research | Leather Archer Armor |
| 26:08 | Create | Villager (Male) |
| 26:08 | Create | Villager (Male) |
| 26:08 | Create | Villager (Male) |
| 26:09 | Create | Villager (Male) |
| 26:23 | Build | Stable |
| 28:00 | Build | Siege Workshop |
| 28:03 | Research | Bloodlines |
| 28:05 | Research | Husbandry |
| 28:09 | Create | Mangonel |
| 28:10 | Create | Mangonel |
| 28:16 | Create | Elephant Archer |
| 28:17 | Create | Elephant Archer |
| 28:18 | Research | Thumb Ring |
| 28:21 | Research | Bodkin Arrow |
| 28:36 | Build | Farm |
| 28:36 | Build | Farm |
| 28:37 | Build | Farm |
| 28:50 | Create | Mangonel |
| 28:57 | Create | Elephant Archer ×3 |
| 29:10 | Build | Archery Range |
| 31:08 | Create | Mangonel |
| 31:13 | Create | Armored Elephant |
| 31:14 | Create | Armored Elephant |
| 31:14 | Create | Armored Elephant |
Build order — ANGELSK3956
First 150 of 506 actions detected
| 0:01 | Create | Villager (Male) |
| 0:02 | Create | Villager (Male) |
| 0:02 | Create | Villager (Male) |
| 0:02 | Create | Villager (Male) |
| 0:02 | Create | Villager (Male) |
| 0:02 | Create | Villager (Male) |
| 0:02 | Create | Villager (Male) |
| 0:02 | Create | Villager (Male) |
| 0:02 | Create | Villager (Male) |
| 0:02 | Create | Villager (Male) |
| 0:02 | Create | Villager (Male) |
| 0:03 | Build | House |
| 0:05 | Build | House |
| 1:08 | Create | Villager (Male) |
| 1:08 | Create | Villager (Male) |
| 1:44 | Build | Lumber Camp |
| 1:50 | Create | Villager (Male) |
| 1:50 | Create | Villager (Male) |
| 2:12 | Create | Villager (Male) |
| 2:12 | Create | Villager (Male) |
| 2:40 | Create | Villager (Male) |
| 2:40 | Create | Villager (Male) |
| 3:06 | Create | Villager (Male) |
| 3:06 | Create | Villager (Male) |
| 3:25 | Create | Villager (Male) |
| 3:25 | Create | Villager (Male) |
| 3:53 | Build | House |
| 3:55 | Build | House |
| 4:00 | Create | Villager (Male) |
| 4:00 | Create | Villager (Male) |
| 4:01 | Create | Villager (Male) |
| 4:18 | Build | House |
| 4:23 | Create | Villager (Male) |
| 4:23 | Create | Villager (Male) |
| 4:27 | Build | Mill |
| 4:33 | Create | Villager (Male) |
| 4:33 | Create | Villager (Male) |
| 4:57 | Create | Villager (Male) |
| 4:57 | Create | Villager (Male) |
| 5:22 | Create | Villager (Male) |
| 5:22 | Create | Villager (Male) |
| 5:22 | Create | Villager (Male) |
| 5:58 | Build | Farm |
| 6:08 | Create | Villager (Male) |
| 6:21 | Build | Farm |
| 7:02 | Create | Villager (Male) |
| 7:02 | Create | Villager (Male) |
| 7:59 | Create | Villager (Male) |
| 8:15 | Create | Villager (Male) |
| 8:19 | Create | Villager (Male) |
| 8:56 | Build | Mining Camp |
| 8:59 | Create | Villager (Male) |
| 9:09 | Create | Villager (Male) |
| 9:21 | Research | Feudal Age |
| 9:43 | Build | Mining Camp |
| 10:09 | Create | Villager (Male) |
| 10:09 | Create | Villager (Male) |
| 12:14 | Build | Mill |
| 12:21 | Build | Market |
| 12:25 | Build | Blacksmith |
| 13:00 | Research | Double-Bit Axe |
| 13:05 | Research | Loom |
| 13:12 | Create | Villager (Male) |
| 13:23 | Build | Barracks |
| 13:39 | Research | Castle Age |
| 13:40 | Research | Castle Age |
| 13:45 | Build | House |
| 13:46 | Build | House |
| 13:48 | Build | House |
| 13:52 | Create | Villager (Male) |
| 13:53 | Create | Villager (Male) |
| 14:55 | Build | Farm |
| 14:59 | Build | Farm |
| 15:00 | Research | Horse Collar |
| 15:26 | Build | Farm |
| 15:26 | Build | Farm |
| 15:28 | Build | Farm |
| 15:55 | Create | Spearman |
| 16:09 | Create | Spearman |
| 16:30 | Build | Castle |
| 16:41 | Create | Villager (Male) |
| 16:50 | Build | Farm |
| 16:51 | Build | Farm |
| 17:01 | Create | Villager (Male) |
| 17:04 | Research | Wheelbarrow |
| 17:06 | Research | Heavy Plow |
| 17:07 | Research | Heavy Plow |
| 17:39 | Build | Town Center |
| 17:42 | Create | Villager (Male) |
| 17:48 | Create | Villager (Male) |
| 18:12 | Create | Villager (Male) |
| 18:36 | Build | Monastery |
| 18:39 | Create | Villager (Male) |
| 18:45 | Create | Villager (Male) |
| 19:19 | Create | Monk |
| 19:19 | Create | Monk |
| 19:46 | Create | Villager (Male) |
| 19:47 | Create | Villager (Male) |
| 19:47 | Create | Villager (Male) |
| 19:54 | Build | Farm |
| 19:54 | Build | Farm |
| 19:54 | Build | Farm |
| 20:08 | Create | Villager (Male) |
| 20:08 | Create | Villager (Male) |
| 20:09 | Create | Villager (Male) |
| 20:20 | Build | Farm |
| 20:20 | Build | Farm |
| 20:20 | Build | Farm |
| 20:22 | Create | Villager (Male) |
| 21:07 | Build | Town Center |
| 21:26 | Create | Monk |
| 21:33 | Create | Villager (Male) |
| 21:52 | Create | Villager (Male) |
| 21:53 | Create | Villager (Male) |
| 21:58 | Create | Villager (Male) |
| 21:59 | Create | Villager (Male) |
| 22:01 | Research | Hand Cart |
| 22:18 | Build | Farm |
| 22:19 | Build | Farm |
| 22:21 | Create | Villager (Male) |
| 22:23 | Create | Villager (Male) |
| 22:24 | Create | Villager (Male) |
| 22:34 | Create | Villager (Male) |
| 22:38 | Build | House |
| 22:39 | Build | House |
| 22:40 | Build | House |
| 22:41 | Create | Villager (Male) |
| 22:42 | Create | Villager (Male) |
| 22:42 | Create | Villager (Male) |
| 23:12 | Build | Farm |
| 23:13 | Build | Farm |
| 23:14 | Build | Farm |
| 23:14 | Build | Farm |
| 23:15 | Build | Farm |
| 23:16 | Create | Villager (Male) |
| 23:17 | Create | Villager (Male) |
| 23:17 | Create | Villager (Male) |
| 23:17 | Create | Villager (Male) |
| 23:36 | Build | Siege Workshop |
| 23:38 | Create | Villager (Male) |
| 23:39 | Create | Villager (Male) |
| 23:39 | Create | Villager (Male) |
| 24:12 | Build | Archery Range |
| 24:15 | Build | Archery Range |
| 24:17 | Create | Hussite Wagon |
| 24:17 | Create | Hussite Wagon |
| 24:19 | Create | Villager (Male) |
| 24:38 | Create | Villager (Male) |
| 24:45 | Build | Outpost |
| 24:49 | Create | Villager (Male) |
Build order — ska_18
First 150 of 405 actions detected
| 0:01 | Create | Villager (Male) |
| 0:01 | Create | Villager (Male) |
| 0:02 | Create | Villager (Male) |
| 0:03 | Build | House |
| 0:04 | Build | House |
| 1:21 | Create | Villager (Male) |
| 1:21 | Create | Villager (Male) |
| 1:47 | Create | Villager (Male) |
| 1:47 | Create | Villager (Male) |
| 2:00 | Create | Villager (Male) |
| 2:01 | Create | Villager (Male) |
| 2:14 | Create | Villager (Male) |
| 2:15 | Create | Villager (Male) |
| 2:33 | Create | Villager (Male) |
| 3:29 | Create | Villager (Male) |
| 3:29 | Create | Villager (Male) |
| 3:29 | Create | Villager (Male) |
| 3:39 | Build | Lumber Camp |
| 3:45 | Create | Villager (Male) |
| 3:58 | Build | House |
| 3:59 | Build | House |
| 4:08 | Create | Villager (Male) |
| 4:09 | Create | Villager (Male) |
| 4:09 | Create | Villager (Male) |
| 4:24 | Create | Villager (Male) |
| 4:38 | Create | Villager (Male) |
| 4:38 | Create | Villager (Male) |
| 5:37 | Create | Villager (Male) |
| 6:02 | Create | Villager (Male) |
| 6:02 | Create | Villager (Male) |
| 6:11 | Build | Mill |
| 6:53 | Create | Villager (Male) |
| 8:03 | Research | Feudal Age |
| 8:24 | Build | Mining Camp |
| 9:29 | Create | Villager (Male) |
| 9:29 | Create | Villager (Male) |
| 9:29 | Create | Villager (Male) |
| 9:30 | Create | Villager (Male) |
| 9:30 | Create | Villager (Male) |
| 9:37 | Create | Villager (Male) |
| 9:43 | Build | House |
| 9:44 | Build | House |
| 9:57 | Build | Farm |
| 10:00 | Build | Farm |
| 10:01 | Build | Farm |
| 10:03 | Build | Farm |
| 10:05 | Build | Farm |
| 10:14 | Age | Feudal Age |
| 10:40 | Build | Market |
| 11:17 | Build | Blacksmith |
| 11:28 | Build | Farm |
| 12:48 | Research | Castle Age |
| 12:48 | Research | Loom |
| 13:23 | Research | Double-Bit Axe |
| 13:30 | Research | Horse Collar |
| 14:11 | Create | Villager (Male) |
| 14:11 | Create | Villager (Male) |
| 14:12 | Create | Villager (Male) |
| 14:18 | Build | House |
| 14:19 | Build | House |
| 14:20 | Build | House |
| 15:28 | Age | Castle Age |
| 15:32 | Build | Town Center |
| 15:40 | Build | Town Center |
| 16:12 | Build | Town Center |
| 16:26 | Build | House |
| 16:36 | Research | Wheelbarrow |
| 17:00 | Create | Villager (Male) |
| 17:00 | Create | Villager (Male) |
| 17:03 | Create | Villager (Male) |
| 17:04 | Create | Villager (Male) |
| 17:08 | Build | House |
| 17:52 | Create | Villager (Male) |
| 17:52 | Create | Villager (Male) |
| 17:53 | Create | Villager (Male) |
| 17:53 | Create | Villager (Male) |
| 18:00 | Build | Farm |
| 18:01 | Build | Farm |
| 18:04 | Build | Farm |
| 18:05 | Build | Farm |
| 18:07 | Create | Villager (Male) ×2 |
| 18:20 | Build | Outpost |
| 18:22 | Build | Outpost |
| 18:24 | Build | Outpost |
| 18:27 | Build | Outpost |
| 18:29 | Build | Outpost |
| 18:31 | Build | Outpost |
| 18:39 | Create | Villager (Male) |
| 18:47 | Build | Farm |
| 18:51 | Create | Villager (Male) ×3 |
| 18:56 | Build | Farm |
| 18:57 | Build | Farm |
| 19:04 | Create | Villager (Male) |
| 19:04 | Create | Villager (Male) |
| 19:22 | Build | Farm |
| 19:25 | Build | Farm |
| 19:28 | Build | Farm |
| 19:29 | Create | Villager (Male) ×2 |
| 19:30 | Create | Villager (Male) |
| 19:30 | Create | Villager (Male) |
| 19:41 | Build | Farm |
| 19:48 | Build | Farm |
| 19:50 | Create | Villager (Male) |
| 19:50 | Create | Villager (Male) |
| 19:56 | Create | Villager (Male) |
| 20:06 | Create | Villager (Male) |
| 20:15 | Build | Farm |
| 20:27 | Create | Villager (Male) ×2 |
| 20:27 | Create | Villager (Male) ×2 |
| 20:32 | Create | Villager (Male) |
| 20:32 | Create | Villager (Male) |
| 20:41 | Build | Farm |
| 20:43 | Build | Farm |
| 20:47 | Build | Farm |
| 20:49 | Create | Villager (Male) |
| 20:50 | Create | Villager (Male) |
| 21:00 | Build | Farm |
| 21:07 | Build | Gate |
| 21:12 | Research | Stone Mining |
| 21:16 | Research | Gold Mining |
| 21:22 | Create | Villager (Male) ×5 |
| 21:27 | Build | Farm |
| 21:28 | Build | Farm |
| 21:30 | Build | Farm |
| 21:45 | Create | Villager (Male) ×2 |
| 21:45 | Create | Villager (Male) ×2 |
| 22:00 | Create | Villager (Male) ×3 |
| 22:17 | Build | Farm |
| 22:19 | Build | Farm |
| 22:20 | Build | Farm |
| 22:25 | Build | Farm |
| 22:26 | Build | Farm |
| 22:27 | Create | Villager (Male) ×4 |
| 22:27 | Create | Villager (Male) ×4 |
| 22:34 | Build | Farm |
| 22:39 | Build | Farm |
| 22:45 | Build | Farm |
| 22:46 | Create | Villager (Male) ×5 |
| 22:47 | Create | Villager (Male) ×5 |
| 22:59 | Build | House |
| 23:00 | Build | House |
| 23:00 | Build | House |
| 23:00 | Build | House |
| 23:01 | Build | House |
| 23:05 | Build | House |
| 23:14 | Build | Farm |
| 23:16 | Build | Farm |
| 23:18 | Create | Villager (Male) ×5 |
| 23:18 | Create | Villager (Male) ×5 |
| 23:23 | Build | Farm |
Build order — raghul_lemu
First 150 of 610 actions detected
| 0:01 | Create | Villager (Male) |
| 0:01 | Create | Villager (Male) |
| 0:02 | Create | Villager (Male) |
| 0:02 | Create | Villager (Male) |
| 0:03 | Build | House |
| 0:05 | Build | House |
| 1:41 | Create | Villager (Male) |
| 1:41 | Create | Villager (Male) |
| 1:45 | Build | Lumber Camp |
| 2:04 | Create | Villager (Male) |
| 2:13 | Create | Villager (Male) |
| 2:40 | Create | Villager (Male) |
| 3:19 | Create | Villager (Male) |
| 3:47 | Create | Villager (Male) |
| 3:49 | Build | House |
| 3:50 | Build | House |
| 4:01 | Create | Villager (Male) |
| 4:16 | Build | Mill |
| 4:24 | Create | Villager (Male) |
| 4:41 | Create | Villager (Male) |
| 4:57 | Create | Villager (Male) |
| 5:13 | Create | Villager (Male) |
| 5:27 | Create | Villager (Male) |
| 5:43 | Create | Villager (Male) |
| 6:28 | Create | Villager (Male) |
| 6:51 | Build | Mill |
| 7:08 | Create | Villager (Male) |
| 7:19 | Create | Villager (Male) |
| 7:19 | Create | Villager (Male) |
| 7:29 | Build | House |
| 7:31 | Build | House |
| 7:51 | Build | Farm |
| 8:01 | Build | Farm |
| 8:19 | Create | Villager (Male) |
| 8:25 | Build | Farm |
| 8:50 | Build | Farm |
| 9:05 | Create | Villager (Male) |
| 9:06 | Create | Villager (Male) |
| 9:19 | Build | Mining Camp |
| 9:52 | Research | Feudal Age |
| 10:07 | Build | Mining Camp |
| 11:27 | Create | Villager (Male) |
| 11:27 | Create | Villager (Male) |
| 12:13 | Age | Feudal Age |
| 12:16 | Build | Market |
| 12:20 | Build | Blacksmith |
| 12:42 | Research | Double-Bit Axe |
| 12:44 | Research | Horse Collar |
| 13:15 | Research | Castle Age |
| 13:15 | Research | Castle Age |
| 14:12 | Research | Loom |
| 14:14 | Research | Wheelbarrow |
| 15:05 | Build | Farm |
| 15:05 | Build | Farm |
| 15:55 | Age | Castle Age |
| 16:00 | Build | Town Center |
| 16:02 | Build | Town Center |
| 16:06 | Build | Town Center |
| 16:18 | Build | House |
| 16:19 | Build | House |
| 16:22 | Build | House |
| 16:23 | Build | House |
| 16:27 | Create | Villager (Male) |
| 16:28 | Create | Villager (Male) |
| 17:29 | Research | Bow Saw |
| 17:54 | Create | Villager (Male) |
| 18:10 | Create | Villager (Male) |
| 18:10 | Create | Villager (Male) |
| 18:10 | Create | Villager (Male) |
| 18:17 | Research | Heavy Plow |
| 18:23 | Create | Villager (Male) |
| 18:24 | Create | Villager (Male) |
| 18:24 | Build | Farm |
| 18:28 | Create | Villager (Male) |
| 18:28 | Create | Villager (Male) |
| 18:28 | Create | Villager (Male) |
| 18:31 | Build | Farm |
| 18:39 | Build | House |
| 18:41 | Build | House |
| 18:43 | Create | Villager (Male) |
| 18:44 | Create | Villager (Male) |
| 18:44 | Create | Villager (Male) |
| 19:06 | Build | Farm |
| 19:06 | Build | Farm |
| 19:06 | Build | Farm |
| 19:07 | Build | Farm |
| 19:14 | Create | Villager (Male) |
| 19:14 | Create | Villager (Male) |
| 19:14 | Create | Villager (Male) |
| 19:14 | Create | Villager (Male) |
| 19:18 | Build | Farm |
| 19:20 | Create | Villager (Male) |
| 19:29 | Build | Farm |
| 19:32 | Build | Farm |
| 19:33 | Create | Villager (Male) |
| 19:33 | Create | Villager (Male) |
| 19:35 | Build | Farm |
| 19:38 | Build | House |
| 19:40 | Build | House |
| 19:48 | Build | Farm |
| 19:52 | Create | Villager (Male) |
| 19:59 | Build | Farm |
| 20:04 | Create | Villager (Male) |
| 20:04 | Create | Villager (Male) |
| 20:12 | Build | Farm |
| 20:16 | Build | Farm |
| 20:20 | Create | Villager (Male) |
| 20:20 | Create | Villager (Male) |
| 20:23 | Build | Farm |
| 20:23 | Build | Farm |
| 20:29 | Build | Farm |
| 20:30 | Create | Villager (Male) |
| 20:31 | Create | Villager (Male) |
| 20:37 | Build | Farm |
| 20:38 | Create | Villager (Male) |
| 20:38 | Create | Villager (Male) |
| 20:42 | Build | House |
| 20:43 | Build | House |
| 20:45 | Create | Villager (Male) |
| 20:50 | Build | Farm |
| 20:54 | Build | Farm |
| 21:00 | Create | Villager (Male) |
| 21:00 | Create | Villager (Male) |
| 21:05 | Create | Villager (Male) |
| 21:06 | Create | Villager (Male) |
| 21:08 | Create | Villager (Male) |
| 21:08 | Create | Villager (Male) |
| 21:19 | Build | Farm |
| 21:20 | Create | Villager (Male) |
| 21:20 | Create | Villager (Male) |
| 21:22 | Create | Villager (Male) |
| 21:22 | Create | Villager (Male) |
| 21:28 | Build | Farm |
| 21:32 | Build | Farm |
| 21:35 | Build | Farm |
| 21:36 | Build | Farm |
| 21:36 | Build | Farm |
| 21:41 | Build | Farm |
| 21:43 | Create | Villager (Male) |
| 21:43 | Create | Villager (Male) |
| 21:43 | Create | Villager (Male) |
| 21:44 | Create | Villager (Male) |
| 21:44 | Create | Villager (Male) |
| 21:48 | Build | House |
| 21:55 | Build | House |
| 21:56 | Build | House |
| 21:59 | Create | Villager (Male) |
| 21:59 | Create | Villager (Male) |
| 22:04 | Create | Villager (Male) |
| 22:04 | Create | Villager (Male) |
Build order — Emilio
First 150 of 716 actions detected
| 0:01 | Create | Villager (Male) |
| 0:02 | Build | House |
| 0:05 | Build | House |
| 0:26 | Create | Villager (Male) |
| 0:26 | Create | Villager (Male) |
| 0:28 | Create | Villager (Male) |
| 1:33 | Create | Villager (Male) |
| 1:55 | Create | Villager (Male) |
| 2:13 | Build | Lumber Camp |
| 2:19 | Create | Villager (Male) |
| 2:27 | Create | Villager (Male) |
| 2:58 | Create | Villager (Male) |
| 3:43 | Create | Villager (Male) |
| 3:51 | Build | House |
| 4:10 | Create | Villager (Male) |
| 4:10 | Create | Villager (Male) |
| 4:30 | Create | Villager (Male) |
| 4:37 | Create | Villager (Male) |
| 4:55 | Create | Villager (Male) |
| 4:55 | Create | Villager (Male) |
| 4:58 | Create | Villager (Male) |
| 5:38 | Build | Mill |
| 6:02 | Create | Villager (Male) |
| 6:24 | Create | Villager (Male) |
| 6:52 | Create | Villager (Male) |
| 7:27 | Build | Mill |
| 7:32 | Research | Feudal Age |
| 8:21 | Create | Villager (Male) |
| 8:21 | Create | Villager (Male) |
| 8:53 | Create | Villager (Male) |
| 9:18 | Build | Lumber Camp |
| 9:51 | Create | Villager (Male) |
| 10:06 | Age | Feudal Age |
| 10:06 | Research | Double-Bit Axe |
| 10:07 | Research | Double-Bit Axe |
| 10:18 | Build | Mining Camp |
| 10:48 | Create | Villager (Male) |
| 11:30 | Create | Villager (Male) |
| 11:36 | Build | House |
| 11:48 | Build | Farm |
| 11:49 | Build | Farm |
| 11:49 | Build | Farm |
| 11:50 | Build | Farm |
| 11:52 | Build | Farm |
| 11:53 | Build | Farm |
| 12:01 | Build | Farm |
| 12:12 | Build | House |
| 12:13 | Create | Villager (Male) |
| 12:25 | Create | Villager (Male) |
| 12:30 | Build | Farm |
| 12:50 | Build | Blacksmith |
| 13:04 | Create | Villager (Male) |
| 13:33 | Build | Market |
| 13:45 | Create | Villager (Male) |
| 14:08 | Build | Mining Camp |
| 14:15 | Create | Villager (Male) |
| 14:24 | Research | Castle Age |
| 14:28 | Build | House |
| 14:30 | Build | House |
| 15:11 | Build | House |
| 15:19 | Build | Barracks |
| 15:23 | Create | Villager (Male) |
| 15:23 | Create | Villager (Male) |
| 15:45 | Create | Villager (Male) |
| 16:46 | Build | Stable |
| 17:21 | Age | Castle Age |
| 17:26 | Build | Town Center |
| 17:44 | Create | Villager (Male) |
| 18:27 | Build | Town Center |
| 18:30 | Create | Villager (Male) |
| 18:48 | Build | Castle |
| 18:54 | Create | Villager (Male) |
| 18:54 | Create | Villager (Male) |
| 19:04 | Create | Villager (Male) |
| 19:30 | Create | Villager (Male) |
| 19:31 | Create | Villager (Male) |
| 19:49 | Research | Bow Saw |
| 19:51 | Research | Horse Collar |
| 19:55 | Build | Farm |
| 19:59 | Create | Villager (Male) |
| 20:00 | Create | Villager (Male) |
| 20:01 | Create | Villager (Male) |
| 20:07 | Create | Villager (Male) |
| 20:12 | Create | Villager (Male) |
| 20:35 | Build | Stable |
| 20:45 | Build | Farm |
| 20:47 | Create | Villager (Male) |
| 20:49 | Create | Villager (Male) |
| 20:49 | Create | Villager (Male) |
| 20:51 | Create | Villager (Male) |
| 20:51 | Create | Villager (Male) |
| 20:53 | Create | Villager (Male) |
| 20:55 | Build | Farm |
| 21:05 | Create | Villager (Male) |
| 21:06 | Create | Villager (Male) |
| 21:07 | Create | Villager (Male) |
| 21:15 | Build | Farm |
| 21:19 | Build | Farm |
| 21:32 | Create | Villager (Male) |
| 21:33 | Create | Villager (Male) |
| 21:35 | Create | Villager (Male) |
| 21:45 | Build | Farm |
| 21:55 | Build | Farm |
| 22:05 | Build | Stable |
| 22:13 | Build | Farm |
| 22:14 | Build | Farm |
| 22:16 | Create | Villager (Male) |
| 22:20 | Create | Villager (Male) |
| 22:22 | Create | Villager (Male) |
| 22:26 | Create | Villager (Male) |
| 22:26 | Create | Villager (Male) |
| 22:34 | Build | Farm |
| 22:43 | Build | Farm |
| 23:02 | Build | Mill |
| 23:05 | Build | Farm |
| 23:11 | Build | Farm |
| 23:15 | Build | Farm |
| 23:16 | Create | Villager (Male) |
| 23:17 | Create | Villager (Male) |
| 23:18 | Create | Villager (Male) |
| 23:29 | Build | Stable |
| 23:31 | Create | Villager (Male) |
| 23:32 | Create | Villager (Male) |
| 23:35 | Create | Villager (Male) |
| 23:37 | Create | Villager (Male) |
| 23:42 | Create | Villager (Male) |
| 23:47 | Build | Farm |
| 23:48 | Build | Farm |
| 23:50 | Build | Farm |
| 23:52 | Build | Farm |
| 23:56 | Create | Villager (Male) |
| 23:59 | Build | House |
| 24:01 | Build | House |
| 24:02 | Build | House |
| 24:04 | Build | House |
| 24:06 | Build | House |
| 24:07 | Build | House |
| 24:10 | Build | House |
| 24:11 | Build | House |
| 24:13 | Create | Villager (Male) |
| 24:14 | Create | Villager (Male) |
| 24:16 | Create | Villager (Male) |
| 24:20 | Build | Farm |
| 24:23 | Build | Farm |
| 24:35 | Build | Stable |
| 24:40 | Build | Farm |
| 24:45 | Build | Farm |
| 24:53 | Research | Loom |
| 24:56 | Create | Villager (Male) |
| 25:06 | Build | Farm |
Build order — Sythe
First 150 of 326 actions detected
| 0:00 | Create | Villager (Male) |
| 0:01 | Create | Villager (Male) |
| 0:02 | Create | Villager (Male) |
| 0:03 | Build | House |
| 0:09 | Build | House |
| 0:09 | Create | Villager (Male) |
| 1:12 | Create | Villager (Male) |
| 1:56 | Build | Settlement |
| 2:00 | Create | Villager (Male) |
| 2:09 | Create | Villager (Male) |
| 2:45 | Create | Villager (Male) |
| 2:59 | Create | Villager (Male) |
| 3:29 | Create | Villager (Male) |
| 3:42 | Create | Villager (Male) |
| 4:19 | Create | Villager (Male) |
| 4:53 | Create | Villager (Male) |
| 5:01 | Create | Villager (Male) |
| 5:08 | Build | Settlement |
| 5:49 | Create | Villager (Male) |
| 6:08 | Create | Villager (Male) |
| 6:24 | Build | Farm |
| 6:26 | Create | Villager (Male) |
| 6:41 | Create | Villager (Male) |
| 6:42 | Create | Villager (Male) |
| 7:23 | Create | Villager (Male) |
| 7:37 | Build | Farm |
| 7:43 | Build | Farm |
| 8:24 | Research | Feudal Age |
| 10:26 | Create | Villager (Male) |
| 10:26 | Create | Villager (Male) |
| 10:33 | Age | Feudal Age |
| 10:38 | Build | Blacksmith |
| 10:43 | Build | Market |
| 11:26 | Create | Villager (Male) |
| 11:53 | Research | Castle Age |
| 13:14 | Research | Double-Bit Axe |
| 13:15 | Research | Horse Collar |
| 13:34 | Create | Villager (Male) |
| 13:35 | Create | Villager (Male) |
| 14:33 | Age | Castle Age |
| 14:47 | Build | Town Center |
| 14:48 | Create | Villager (Male) |
| 14:54 | Research | Heavy Plow |
| 14:54 | Research | Bow Saw |
| 15:07 | Build | Town Center |
| 15:09 | Create | Villager (Male) |
| 15:16 | Create | Villager (Male) |
| 15:19 | Build | Farm |
| 15:31 | Create | Villager (Male) |
| 15:39 | Create | Villager (Male) |
| 16:10 | Build | Farm |
| 16:10 | Build | Farm |
| 16:11 | Build | Farm |
| 16:11 | Build | Farm |
| 16:11 | Build | Farm |
| 16:41 | Create | Villager (Male) ×3 |
| 16:46 | Research | Loom |
| 16:56 | Build | Farm |
| 17:04 | Build | Farm |
| 17:04 | Build | Farm |
| 17:05 | Build | Farm |
| 17:06 | Build | Farm |
| 17:07 | Build | Farm |
| 17:13 | Create | Villager (Male) ×2 |
| 17:14 | Create | Villager (Male) ×2 |
| 17:14 | Create | Villager (Male) ×2 |
| 17:22 | Build | Farm |
| 17:25 | Create | Villager (Male) |
| 17:25 | Create | Villager (Male) |
| 17:41 | Create | Villager (Male) |
| 17:47 | Build | Farm |
| 17:52 | Build | Farm |
| 17:56 | Create | Villager (Male) |
| 17:57 | Create | Villager (Male) |
| 18:10 | Build | Farm |
| 18:14 | Create | Villager (Male) ×2 |
| 18:14 | Create | Villager (Male) ×2 |
| 18:25 | Create | Villager (Male) |
| 18:25 | Create | Villager (Male) |
| 18:29 | Build | Farm |
| 18:30 | Build | Farm |
| 18:30 | Build | Farm |
| 18:34 | Create | Villager (Male) |
| 18:34 | Create | Villager (Male) |
| 18:45 | Build | Farm |
| 18:56 | Build | House |
| 18:57 | Build | House |
| 19:00 | Create | Villager (Male) ×3 |
| 19:00 | Create | Villager (Male) ×3 |
| 19:12 | Create | Villager (Male) |
| 19:12 | Create | Villager (Male) |
| 19:19 | Build | Farm |
| 19:27 | Build | Farm |
| 19:32 | Build | Farm |
| 19:37 | Build | Farm |
| 19:43 | Build | Farm |
| 19:45 | Create | Villager (Male) ×5 |
| 19:51 | Build | House |
| 19:53 | Build | House |
| 19:54 | Build | House |
| 20:03 | Build | Farm |
| 20:12 | Research | Wheelbarrow |
| 20:17 | Create | Villager (Male) |
| 20:17 | Create | Villager (Male) |
| 20:24 | Build | Farm |
| 20:29 | Create | Villager (Male) |
| 20:29 | Create | Villager (Male) |
| 20:47 | Build | Farm |
| 20:50 | Create | Villager (Male) ×4 |
| 20:50 | Create | Villager (Male) ×4 |
| 20:58 | Build | Farm |
| 21:15 | Build | Farm |
| 21:21 | Build | Farm |
| 21:29 | Create | Villager (Male) ×5 |
| 21:38 | Build | House |
| 21:39 | Build | House |
| 21:43 | Build | Farm |
| 21:56 | Build | Castle |
| 22:04 | Build | Siege Workshop |
| 22:08 | Create | Villager (Male) ×5 |
| 22:13 | Build | Farm |
| 22:21 | Build | Farm |
| 22:28 | Build | Farm |
| 22:29 | Build | Farm |
| 22:46 | Build | Barracks |
| 22:48 | Build | Barracks |
| 22:54 | Build | House |
| 22:55 | Build | House |
| 22:55 | Build | House |
| 22:56 | Build | House |
| 22:59 | Create | Villager (Male) ×5 |
| 23:09 | Build | Farm |
| 23:10 | Build | Farm |
| 23:10 | Build | Farm |
| 23:39 | Create | Villager (Male) ×5 |
| 24:01 | Build | House |
| 24:03 | Build | House |
| 24:09 | Build | Farm |
| 24:14 | Build | House |
| 24:21 | Build | Barracks |
| 24:22 | Build | Barracks |
| 24:25 | Create | Villager (Male) ×5 |
| 24:30 | Build | Farm |
| 24:34 | Build | Farm |
| 24:39 | Build | Farm |
| 24:43 | Build | Farm |
| 24:45 | Create | Villager (Male) ×5 |
| 24:50 | Build | Farm |
| 24:59 | Build | Settlement |
| 25:21 | Build | Settlement |
Match timeline
| 10:06 | Emilio · age_up feudal |
| 10:14 | ska_18 · age_up feudal |
| 10:33 | Sythe · age_up feudal |
| 11:59 | koaladelmal · age_up feudal |
| 12:13 | raghul_lemu · age_up feudal |
| 13:23 | ANGELSK3956 · first_building Barracks |
| 14:10 | koaladelmal · first_building Barracks |
| 14:33 | Sythe · age_up castle |
| 15:19 | Emilio · first_building Barracks |
| 15:28 | ska_18 · age_up castle |
| 15:55 | raghul_lemu · age_up castle |
| 16:30 | ANGELSK3956 · first_building Castle |
| 16:46 | Emilio · first_building Stable |
| 16:52 | koaladelmal · age_up castle |
| 17:21 | Emilio · age_up castle |
| 17:34 | ANGELSK3956 · first_market_buy 100 stone |
| 18:36 | ANGELSK3956 · first_building Monastery |
| 18:48 | Emilio · first_building Castle |
| 18:50 | ska_18 · first_market_buy 100 food |
| 19:28 | koaladelmal · first_building Siege Workshop |
| 21:03 | koaladelmal · first_building Castle |
| 21:19 | ska_18 · first_market_sell 100 stone |
| 21:37 | koaladelmal · first_building Archery Range |
| 21:56 | Sythe · first_building Castle |
| 22:04 | Sythe · first_building Siege Workshop |
| 22:46 | Sythe · first_building Barracks |
| 23:36 | ANGELSK3956 · first_building Siege Workshop |
| 24:12 | ANGELSK3956 · first_building Archery Range |
| 24:25 | raghul_lemu · first_building Monastery |
| 24:54 | raghul_lemu · first_building Castle |
| 26:15 | Sythe · first_market_sell 100 food |
| 26:23 | koaladelmal · first_building Stable |
| 26:23 | raghul_lemu · first_building Barracks |
| 26:54 | ska_18 · first_building Barracks |
| 27:04 | ska_18 · first_building Castle |
| 29:03 | raghul_lemu · age_up imperial |
| 29:09 | ska_18 · first_building Stable |
| 29:12 | Emilio · age_up imperial |
| 29:40 | Sythe · age_up imperial |
| 30:47 | ska_18 · first_building Siege Workshop |
| 31:15 | ska_18 · first_building Monastery |
| 31:23 | koaladelmal · first_market_buy 100 food |
| 31:43 | ska_18 · age_up imperial |
| 32:45 | raghul_lemu · first_building Siege Workshop |
| 33:35 | Emilio · first_building Archery Range |
| 34:36 | koaladelmal · age_up imperial |
| 39:46 | koaladelmal · first_market_sell 100 food |
| 39:50 | ANGELSK3956 · first_market_sell 500 food |
| 40:51 | Sythe · first_building Archery Range |
| 43:53 | raghul_lemu · tribute_sent a jugador 1 |
| 43:53 | raghul_lemu · tribute_sent a jugador 2 |
| 43:53 | raghul_lemu · tribute_sent a jugador 4 |
| 43:53 | raghul_lemu · tribute_sent a jugador 5 |
| 43:53 | raghul_lemu · tribute_sent a jugador 6 |
| 46:32 | Emilio · first_building Siege Workshop |
| 47:13 | Emilio · first_market_sell 100 wood |
| 48:34 | Emilio · first_building Monastery |
| 52:21 | raghul_lemu · tribute_sent a jugador 1 |
| 52:21 | raghul_lemu · tribute_sent a jugador 2 |
| 52:21 | raghul_lemu · tribute_sent a jugador 4 |
| 52:21 | raghul_lemu · tribute_sent a jugador 5 |
| 52:21 | raghul_lemu · tribute_sent a jugador 6 |
| 57:44 | ANGELSK3956 · wall_segment Stone Wall x1 |
| 58:12 | ANGELSK3956 · wall_segment Stone Wall x14 |
| 58:30 | ska_18 · wall_segment Stone Wall x23 |
| 58:42 | ANGELSK3956 · wall_segment Stone Wall x12 |
| 61:44 | Sythe · resign |
[ AI ANALYSIS · 1 CREDIT ]
What really happened in this match?
Wolo.gg analyzes every decision: build order, eco, micro, common mistakes by bracket. Personalized analysis on WhatsApp or Discord in 30 seconds.
Civ guide
Gurjaras
Perfil
Jugador #5503828